 Dungeon Crawl Stone Soup version 0.28-a0-1130-gc51a68064b (webtiles) character file.

Game seed: 7620030735990877987

39 Zonian the Grave Robber (level 3, -4/24 HPs)
             Began as a Demonspawn Necromancer on Dec 13, 2021.
             Killed from afar by a white imp (10 damage)
             ... with a puff of frost
             ... summoned by Natasha
             ... on level 3 of the Dungeon.
             The game lasted 00:01:44 (2029 turns).

Zonian the Grave Robber (Demonspawn Necromancer)    Turns: 2029, Time: 00:01:45

Health: -4/24      AC:  4    Str:  8    XL:     3   Next: 28%
Magic:  2/6        EV: 13    Int: 16    God:
Gold:   15         SH:  0    Dex: 21    Spells: 5/6 levels left

rFire   . . .      SeeInvis .   c - +0 short sword
rCold   . . .      Faith    .   (no shield)
rNeg    . . .      Spirit   .   a - +0 robe
rPois   .          Reflect  .   (no helmet)
rElec   .          Harm     .   (no cloak)
rCorr   .          Rampage  .   (no gloves)
Will    .....                   (no boots)
Stlth   ++........              (no amulet)
HPRegen 0.08/turn               g - +6 ring of dexterity
MPRegen 0.10/turn               (no ring)

@: slowed, very slow
A: icy blue scales 1
a: no special abilities


You were on level 3 of the Dungeon.
You visited 1 branch of the dungeon, and saw 3 of its levels.

You collected 15 gold pieces.

Inventory:

Hand Weapons
 c - a +0 short sword (weapon)
 e - a +0 rapier
Armour
 a - a +0 robe (worn)
Jewellery
 g - a +6 ring of dexterity (left hand)
Scrolls
 b - a scroll of summoning {unknown}
 f - a scroll of teleportation {unknown}
 h - a scroll of enchant weapon {unknown}
Potions
 d - a potion of might {unknown}


   Skills:
 + Level 0.0 Short Blades
 + Level 2.2 Dodging
 + Level 2.4 Stealth
 + Level 2.4 Spellcasting
 + Level 4.7 Necromancy


You had 5 spell levels left.
You knew the following spells:

 Your Spells              Type           Power      Damage    Failure   Level
a - Pain                  Necr           68%        1d7       2%          1

Your spell library contained the following spells:

 Spells                   Type           Power      Damage    Failure   Level
 Animate Skeleton         Necr           34%        N/A       2%          1
 Vampiric Draining        Necr           17%        2d7       9%          3
 Animate Dead             Necr           8%         N/A       28%         4
 Blink                    Tloc           2%         N/A       30%         2
 Agony                    Necr           17%        N/A       61%         5
 Manifold Assault         Tloc           1%         N/A       99%         5
 Storm Form               Tmut/Air       0%         N/A       100%        7


Dungeon Overview and Level Annotations

Branches:
Dungeon (3/15)

Altars:

Shops:
D:2 [

Annotations:
D:3 Natasha


Innate Abilities, Weirdness & Mutations

You are partially covered in icy blue scales. (AC +2)


Message History

g - a +6 ring of dexterity (left hand) Unknown command.
h - a scroll labelled OCU MYWENURO You open the door.
There is an open door here.
Found a stone staircase leading down.
Unknown command.
Done exploring.
Done exploring.
Unknown command.
Unknown command.
Done exploring.
Done exploring.
Unknown command.
(D) Dungeon
Where to? (Enter - D:2, ? - help)
There is a stone staircase leading down here.
You climb downwards.
Found a bubbling cyan potion.
There is a stone staircase leading up here.
Natasha is nearby!
Unknown command.
Natasha hisses angrily.
Natasha writhes in agony.
Natasha casts a spell at you. The magic dart hits you.
Natasha writhes in agony.
Natasha casts a spell.
Natasha barely resists.
Natasha stares at you and mumbles some strange words.
You feel yourself slow down.
Natasha barely resists.
The white imp gestures at you. The puff of frost hits you!
* * * LOW HITPOINT WARNING * * *
You are too injured to fight recklessly!
Unknown command.
The white imp gestures at you. The puff of frost hits you!
You die...

##########
#........#
#.h@.....#
#........#
...........#
##...5......#
...!........#
...##........#
.##
#..........
#.......##.


You could see Natasha and a white imp (summoned).

Vanquished Creatures
  An adder (D:2)
  2 dart slugs
  An orc (D:2)
  2 bats
  An endoplasm (D:1)
  3 giant cockroaches
  2 goblins
  2 hobgoblins
  A quokka (D:2)
  2 ball pythons (D:1)
  3 frilled lizards
  2 kobolds
  3 rats (D:2)
25 creatures vanquished.

Notes
Turn   | Place    | Note
-------+----------+-------------------------------------------
     0 | D:1      | Zonian the Demonspawn Necromancer began the quest for the
                  | Orb.
     0 | D:1      | Reached XP level 1. HP: 13/13 MP: 3/3
   369 | D:1      | Gained mutation: You are partially covered in icy blue
                  | scales. (AC +2) [demonic ancestry]
   369 | D:1      | Reached XP level 2. HP: 5/19 MP: 0/5
  1055 | D:2      | Found a faded altar of an unknown god.
  1679 | D:2      | Reached XP level 3. HP: 22/24 MP: 3/6
  1909 | D:2      | Found Ricuys's Armour Emporium.
  2024 | D:3      | Noticed Natasha
  2029 | D:3      | Killed from afar by a white imp

Illustrated notes

Levels and vault maps discovered:
D:1:      dpeg_arrival_fog, layout_loops_ring, chequers_serial_rivers_micro_c
D:2:      layout_basic, hellmonk_ecumenical_altar_run_dry, serial_shops, shop
D:3:      layout_rooms, uniq_crazy_yiuf_cottage, uniq_natasha

Skill      XL: |  1 |
---------------+----+-----
Dodging        | 2 |  2.2
Stealth        | 2 |  2.4
Spellcasting   | |  2.4
Necromancy     | |  4.7

Action                   || total
-------------------------++-------
Melee: Unarmed           ||     2
 Cast: Pain              ||    46
Dodge: Dodged            ||     3

Table legend: (Time is in decaauts)
 A = Elapsed time spent in this place.
 B = Non-inter-level travel time spent in this place.
 C = Inter-level travel time spent in this place.
 D = Time resting spent in this place.
 E = Time spent auto-exploring this place.
 F = Levels seen in this place.
 G = Mean time per level.
                   A        B        C        D        E       F      G
               +--------+--------+--------+--------+--------+-----+--------+
         Total |   2027 |   1969 |     58 |    585 |   1192 |   3 |  675.7 |
       Dungeon |   2027 |   1969 |     58 |    585 |   1192 |   3 |  675.7 |
               +--------+--------+--------+--------+--------+-----+--------+

Top non-repeatable levels by time:
     D:1: 1054 daAuts
     D:2: 968 daAuts
     D:3: 5 daAuts
